 Dungeon Crawl Stone Soup version 0.21.1-1-g345015f (webtiles) character file.

245 infcreate the Shield-Bearer (level 5, -3/47 HPs)
             Began as a Minotaur Fighter on May 22, 2018.
             Slain by a centaur (6 damage)
             ... on level 5 of the Dungeon.
             The game lasted 00:09:37 (1955 turns).

infcreate the Shield-Bearer (Minotaur Fighter)      Turns: 1955, Time: 00:09:38

Health: -3/47      AC:  7    Str: 22    XL:     5   Next: 84%
Magic:  4/4        EV:  7    Int:  5    God:
Gold:   168        SH: 10    Dex:  9    Spells: 4/4 levels left

rFire    . . .     SeeInvis .   a - +0 war axe
rCold    . . .     Gourm    .   c - +0 shield
rNeg     . . .     Faith    .   b - +0 scale mail
rPois    .         Spirit   .   (helmet restricted)
rElec    .         Reflect  .   (no cloak)
rCorr    .         Harm     .   (no gloves)
MR       .....                  (no boots)
Stlth    ..........             (no amulet)
HPRegen  0.15/turn              (no ring)
MPRegen  0.09/turn              (no ring)

@: no status effects
A: retaliatory headbutt, horns 2
a: no special abilities


You were on level 5 of the Dungeon.
You were not hungry.

You visited 1 branch of the dungeon, and saw 5 of its levels.

You collected 168 gold pieces.

Inventory:

Hand Weapons
 a - a +0 war axe (weapon)
Armour
 b - a +0 scale mail (worn)
 c - a +0 shield (worn)
Scrolls
 g - a scroll of blinking {unknown}
 h - a scroll of fog {unknown}
 i - 6 scrolls of identify {unknown}
 l - 4 scrolls of teleportation {unknown}
 n - a scroll of magic mapping {unknown}
 p - a scroll of fear {unknown}
 q - a scroll of enchant weapon {unknown}
 s - a scroll of remove curse {unknown}
Potions
 d - 2 potions of might
 e - 3 potions of heal wounds {unknown}
 j - a potion of brilliance {unknown}
 k - 2 potions of agility {unknown}
 o - a potion of lignification {unknown}
 r - a potion of cancellation {unknown}
 u - a potion of curing {unknown}
Books
 m - a book of Misfortune

   Spells                             Type                      Level
   a - Confusing Touch                Hexes                        1
   b - Confuse                        Hexes                        3
   c - Gell's Gravitas                Translocation                3
   d - Petrify                        Transmutation/Earth          4
   e - Metabolic Englaciation         Hexes/Ice                    5
   f - Yara's Violent Unravelling     Hexes/Transmutation          5
Comestibles
 f - 4 rations


   Skills:
 + Level 4.5 Fighting
 + Level 4.9 Axes
 + Level 4.9 Armour
 + Level 5.1 Shields


You had 4 spell levels left.
You didn't know any spells.

Dungeon Overview and Level Annotations

Branches:
Dungeon (6/15)
 Temple: D:4-7

Altars:
Qazlal
Ru
Uskayaw


Innate Abilities, Weirdness & Mutations

You reflexively headbutt those who attack you in melee.
You have a pair of horns on your head.


Message History

You hit the centaur.
You headbutt the centaur, but do no damage.
The centaur is almost dead.
The centaur hits you.
* * * LOW HITPOINT WARNING * * *
You block the centaur's attack.
You barely miss the centaur.
The centaur is almost dead.
The centaur barely misses you.
You hit the centaur but do no damage.
The centaur is almost dead.
You block the centaur's attack. The centaur hits you!
* * * LOW HITPOINT WARNING * * *
Your shield and scale mail prevent you from hitting the centaur.
The centaur is almost dead.
The centaur barely misses you. You block the centaur's attack.
You hit the centaur but do no damage.
The centaur is almost dead.
The centaur barely misses you. The centaur hits you.
You die...

.###....†..####......##
#
........#...####....##
........###....##...#
##......# #...........
##....(##........##...
. #....(#....###..# ###
. #.....(...## #.
#.....(..## #.....@.##
#......c.# #.........#
.............
..............
...............
...............
..............[


You could see a centaur.

Vanquished Creatures
  A hound (D:6)
  Ijyb (D:5)
  A worker ant (D:5)
  Natasha (twice) (D:2)
  Robin (D:2)
  A gnoll (D:1)
  An adder (D:3)
  A dart slug (D:3)
  3 leopard geckos
  3 ball pythons
  3 giant cockroaches
  11 hobgoblins
  6 jackals
  3 quokkas (D:3)
  7 bats
  5 frilled lizards
  19 goblins
  7 kobolds
  5 rats
81 creatures vanquished.

Notes
Turn   | Place    | Note
-------+----------+-------------------------------------------
     0 | D:1      | infcreate the Minotaur Fighter began the quest for the Orb.
     0 | D:1      | Reached XP level 1. HP: 19/19 MP: 0/0
    66 | D:1      | Reached skill level 4 in Shields
    66 | D:1      | Reached XP level 2. HP: 24/27 MP: 1/1
   331 | D:1      | Reached XP level 3. HP: 28/33 MP: 2/2
   473 | D:2      | Found a hide-covered altar of Uskayaw.
   481 | D:2      | Found a stormy altar of Qazlal.
   800 | D:2      | Noticed Robin
  1016 | D:2      | Killed Robin
  1016 | D:2      | Reached XP level 4. HP: 33/40 MP: 3/3
  1117 | D:2      | Noticed Natasha
  1122 | D:2      | Killed Natasha
  1142 | D:2      | Noticed Natasha
  1148 | D:2      | Killed Natasha
  1621 | D:3      | Reached XP level 5. HP: 46/46 MP: 4/4
  1785 | D:3      | You fall through a shaft for 3 floors!
  1820 | D:6      | Found a sacrificial altar of Ru.
  1862 | D:5      | Entered Level 5 of the Dungeon
  1911 | D:5      | Noticed Ijyb
  1928 | D:5      | Killed Ijyb
  1928 | D:5      | Reached skill level 5 in Shields
  1943 | D:5      | Noticed a centaur
  1955 | D:5      | Slain by a centaur

Skill      XL: |  1  2  3  4  5 |
---------------+----------------+-----
Shields        | 4 5 |  5.1
Fighting       | 4 |  4.5
Armour         | 4 |  4.9
Axes           | 3 4 |  4.9

Action                   |  1- 3 |  4- 6 || total
-------------------------+-------+-------++-------
Melee: War axe           |    89 |   119 ||   208
       Headbutt          |    15 |    11 ||    26
       Unarmed           |       |     8 ||     8
  Eat: Chunk             |       |     4 ||     4
Armor: Scale mail        |    44 |    59 ||   103
Dodge: Dodged            |    34 |    46 ||    80
Block: Shield            |    51 |    72 ||   123
